Map: Echo LE (Void)

Players

BubblyFrog - Winner!

  • Race: Zerg Zerg

AgCl

  • Race: Protoss Protoss

VOD

Have the link to the VOD?

Description

Time

  • Played on: May 1, 2015, 8:18 p.m.
  • Length: 10:13
Show
View Real Time Build Order
Export as new Build Order

BubblyFrog Zerg - Winner!

Build Orders: Hatch First 

Get SALT Encoding   

  12  0:01  Drone  
  13  0:12  Overlord  
  13  0:17  Drone  
  14  0:30  Drone x2  
  16  0:50  Hatchery  
  16  0:53  Drone  
  16  1:01  Drone  
  17  1:09  Spawning Pool  
  16  1:21  Drone x3  
  19  1:32  Drone  
  20  1:42  Overlord  
  20  1:57  Queen  
  22  2:01  Queen  
  24  2:16  Spine Crawler  
  24  2:20  Spine Crawler  
  22  2:37  Queen  
  24  2:51  Extractor  
  23  2:53  Roach Warren, Extractor  
  21  3:31  Drone  
  21  3:32  Drone x6  
  28  3:53  Roach x4  
  36  4:17  Overlord  
  36  4:18  Overlord  
  36  4:35  Overlord  
  36  4:37  Roach x6  
  36  4:38  Roach x2  
  49  4:52  Ravager  
  49  5:18  Spore Crawler  
  49  5:19  Queen  
  36  5:40  Drone x4  
  36  5:41  Drone x5  
  41  5:55  Spore Crawler  
  40  6:09  Zergling x2  
  40  6:10  Zergling x2  
  42  6:17  Drone x3  
  42  6:18  Drone  
  42  6:38  Drone x5  
  41  6:48  Lair  
  33  6:54  Metabolic Boost  
  33  7:38  Zergling x2  
  33  7:39  Zergling x22  
  33  7:40  Overlord x2  
  45  7:53  Hydralisk Den  
  41  8:27  Hydralisk x6, Roach  
  41  8:28  Hydralisk  
  51  8:50  Hydralisk x4  
  54  9:27  Hatchery  
  52  9:32  Queen  
  52  9:33  Zergling x2  
  52  9:34  Zergling x2  
Show
View Real Time Build Order
Export as new Build Order

AgCl Protoss 

Build Orders:  

Get SALT Encoding   

  12  0:02  Probe  
  13  0:17  Probe  
  14  0:27  Pylon  
  14  0:43  Assimilator  
  14  0:46  Probe, Forge  
  15  0:58  Probe  
  16  1:10  Probe  
  17  1:17  Pylon  
  17  1:22  Probe  
  18  1:34  Pylon  
  18  1:37  Pylon  
  18  1:48  Probe (Chrono Boost)  
  19  1:56  Photon Cannon  
  19  1:58  Probe (Chrono Boost)  
  19  1:59  Photon Cannon  
  20  2:03  Gateway  
  20  2:05  Probe  
  21  2:17  Photon Cannon  
  20  2:30  Probe  
  21  2:42  Probe  
  21  2:43  Photon Cannon  
  22  2:50  Zealot (Chrono Boost)  
  24  2:54  Probe  
  24  2:56  Cybernetics Core  
  25  3:04  Pylon  
  25  3:06  Pylon  
  25  3:10  Pylon  
  25  3:11  Probe  
  26  3:18  Zealot (Chrono Boost)  
  28  3:23  Probe  
  27  3:30  Photon Cannon  
  27  3:35  Stargate  
  27  3:38  Mothership Core (Chrono Boost), Assimilator  
  27  3:54  Gateway, Photon Cannon  
  27  3:56  Probe  
  28  4:08  Probe  
  29  4:18  Oracle (Chrono Boost)  
  29  4:22  Warp Gate (Chrono Boost)  
  29  4:23  Probe  
  33  4:35  Probe  
  34  4:39  Protoss Ground Weapons Level 1  
  34  4:51  Probe, Nexus  
  35  5:03  Probe  
  36  5:15  Probe, Void Ray (Chrono Boost)  
  41  5:27  Probe  
  39  5:52  Pylon  
  39  6:01  Pylon  
  39  6:03  Probe (Chrono Boost), Void Ray (Chrono Boost)  
  45  6:15  Probe (Chrono Boost)  
  45  6:16  Probe (Chrono Boost)  
  46  6:24  Probe (Chrono Boost)  
  48  6:26  Probe (Chrono Boost), Robotics Facility  
  48  6:31  Probe (Chrono Boost)  
  49  6:33  Mothership Core (Chrono Boost)  
  49  6:38  Void Ray (Chrono Boost)  
  52  6:40  Probe  
  46  6:56  Probe (Chrono Boost)  
  46  6:59  Probe (Chrono Boost)  
  48  7:05  Photon Cannon  
  49  7:08  Probe (Chrono Boost)  
  49  7:13  Probe (Chrono Boost)  
  49  7:15  Probe (Chrono Boost)  
  51  7:18  Gateway, Assimilator  
  51  7:19  Gateway  
  51  7:20  Pylon  
  51  7:24  Gateway  
  52  7:30  Probe x2 (Chrono Boost)  
  52  7:36  Observer  
  54  7:40  Probe x2 (Chrono Boost)  
  56  7:46  Probe, Assimilator  
  56  7:47  Probe  
  55  7:59  Probe x2  
  57  8:11  Probe  
  57  8:12  Probe  
  59  8:20  Stalker x2  
  59  8:21  Stalker  
  59  8:23  Probe  
  59  8:24  Probe  
  65  8:47  Probe  
  66  8:49  Probe  
  66  8:54  Pylon  
  59  8:55  Photon Cannon  
  59  8:57  Pylon  
  49  9:03  Sentry  
  49  9:04  Sentry  
  38  9:22  Mothership Core (Chrono Boost), Oracle (Chrono Boost)  
  33  9:25  Probe (Chrono Boost)  
  31  9:34  Probe (Chrono Boost)  
  31  9:35  Sentry x2  
  33  9:40  Probe (Chrono Boost)  
  34  9:51  Probe  
  33  10:05  Nexus  
Tags
 
Add a new tag
Caveats
  • Supply blocks, unpowered buildings, or Contaminate may cause inaccurate times.
  • Supply counts are checked every 10 seconds.